[Event "Titled Tuesday Blitz September 27 Early 2022"]
[White "Antonova, Nadezhda"]
[Black "Vovk, Orest"]
[WhiteFideId "14700182"]
[BlackFideId "14113490"]
[WhiteElo "1805"]
[BlackElo "2203"]
[Result "0-1"]
[Round "04"]
[TimeControl "180+1"]
[Date "2022.09.27"]
[WhiteClock "0:02:30"]
[BlackClock "0:02:38"]

1. Nf3 Nf6 2. b3 g5 3. Nxg5 Rg8 4. Nf3 d5 5. Bb2 Nc6 6. g3 Bf5 7. d3 Qd6 8. Nbd2 e5 9. Bg2 O-O-O 10. e3 Bh6 11. Qe2 Nb4 12. Qd1 Bxd3 13. a3 Nxc2+ 0-1


[Site "https://www.chess.com"]

[Event "Titled Tuesday Blitz September 27 Early 2022"]
[White "Aqib Javaid Butt"]
[Black "Huber, Benedikt"]
[WhiteFideId "7801262"]
[BlackFideId "12923583"]
[WhiteElo "1634"]
[BlackElo "1979"]
[Result "0-1"]
[Round "04"]
[TimeControl "180+1"]
[Date "2022.09.27"]
[WhiteClock "0:01:50"]
[BlackClock "0:01:34"]

1. d4 e6 2. c4 f5 3. Nf3 Nf6 4. Nc3 Bb4 5. Bd2 b6 6. g3 Bb7 7. Bg2 O-O 8. O-O d6 9. a3 Bxc3 10. Bxc3 Ne4 11. Nd2 Nxc3 12. bxc3 Bxg2 13. Kxg2 Nd7 14. f3 e5 15. e4 Qf6 16. Nb3 f4 17. g4 a5 18. a4 Qf7 19. d5 h5 20. h3 Qg6 21. Qe1 Kf7 22. Rh1 Rh8 23. Qh4 hxg4 24. Qxg4 Nf6 25. Qxg6+ Kxg6 26. Nd2 Rh4 27. Rag1 Rah8 28. Nf1 Nd7 29. Kh2+ Kf7 30. Rg2 Rxh3+ 0-1


[Site "https://www.chess.com"]

[Event "Titled Tuesday Blitz September 27 Early 2022"]
[White "Avazkhonov, Alikhon"]
[Black "Mladek, Richard"]
[WhiteFideId "14208504"]
[BlackFideId "386588"]
[WhiteElo "1739"]
[BlackElo "2263"]
[Result "0-1"]
[Round "04"]
[TimeControl "180+1"]
[Date "2022.09.27"]
[WhiteClock "0:00:06"]
[BlackClock "0:01:29"]

1. d4 d5 2. c4 e6 3. Nc3 c5 4. cxd5 exd5 5. Nf3 Nc6 6. g3 Nf6 7. Bg2 cxd4 8. Nxd4 Bc5 9. Nb3 Bb6 10. O-O d4 11. Na4 O-O 12. Nxb6 axb6 13. e3 d3 14. e4 Nb4 15. a3 Nc2 16. Rb1 Be6 17. Nd2 Ba2 18. e5 Nd7 19. Bxb7 Ra7 20. Be4 Nxe5 21. Bxh7+ Kxh7 22. Qh5+ Kg8 23. Qxe5 Bxb1 24. Nxb1 Nd4 25. f4 Re8 26. Qh5 Ra5 27. Qd1 Ne2+ 28. Kg2 Qd5+ 29. Kf2 Nxc1 0-1


[Site "https://www.chess.com"]

[Event "Titled Tuesday Blitz September 27 Early 2022"]
[White "Averjanov, Alexey"]
[Black "Tang, Andrew"]
[WhiteFideId "14109867"]
[BlackFideId "2059630"]
[WhiteElo "2649"]
[BlackElo "2584"]
[Result "0-1"]
[Round "04"]
[TimeControl "180+1"]
[Date "2022.09.27"]
[WhiteClock "0:00:14"]
[BlackClock "0:01:48"]

1. d4 d5 2. c4 e6 3. Nf3 Nf6 4. e3 b6 5. Nbd2 Bb7 6. Bd3 Nbd7 7. O-O Bd6 8. Qe2 Ne4 9. b3 f5 10. Bb2 Qf6 11. cxd5 exd5 12. Ba6 Bxa6 13. Qxa6 Qh6 14. g3 O-O 15. Ba3 Ndf6 16. Bxd6 cxd6 17. Rac1 Qh3 18. Rc7 Ng4 19. Qe2 Rf6 20. Rfc1 Raf8 21. Qf1 Qh5 22. Qg2 Nexf2 23. Rxa7 Nh3+ 24. Kh1 Ngf2+ 0-1


[Site "https://www.chess.com"]

[Event "Titled Tuesday Blitz September 27 Early 2022"]
[White "Babazada, Khazar"]
[Black "Szente Varga, Fruzsina"]
[WhiteFideId "13413554"]
[BlackFideId "712264"]
[WhiteElo "2409"]
[BlackElo "1994"]
[Result "1-0"]
[Round "04"]
[TimeControl "180+1"]
[Date "2022.09.27"]
[WhiteClock "0:00:26"]
[BlackClock "0:00:06"]

1. c3 Nf6 2. Qa4 g6 3. f3 Bg7 4. Kd1 O-O 5. Qh4 d5 6. Qe1 e5 7. Nh3 Bxh3 8. gxh3 d4 9. c4 e4 10. fxe4 Nxe4 11. Bg2 Re8 12. d3 Nc5 13. Qf2 Nc6 14. Rf1 Qe7 15. Nd2 f5 16. a3 a5 17. h4 Ne5 18. h3 Rad8 19. b4 Na4 20. b5 Nc3+ 21. Kc2 c6 22. bxc6 bxc6 23. Rb1 Nxb1 24. Kxb1 Qb7+ 25. Ka2 a4 26. Bb2 Qd7 27. h5 Nf7 28. hxg6 hxg6 29. h4 Nh6 30. Bh3 Re3 31. Qg2 Qe6 32. Rf2 Re8 33. h5 Ng4 34. Bxg4 fxg4 35. Ne4 gxh5 36. Nc5 Qg6 37. Bc1 g3 38. Bxe3 dxe3 39. Rf3 h4 40. Rf4 Rb8 41. Nxa4 Qg5 42. Qe4 Qa5 43. Qe6+ Kh7 44. Rxh4+ Bh6 45. Rxh6+ Kg7 46. Qf6+ Kg8 47. Rh8# 1-0


[Site "https://www.chess.com"]

[Event "Titled Tuesday Blitz September 27 Early 2022"]
[White "Baches Garcia, Guillermo"]
[Black "Skliarov, Viktor"]
[WhiteFideId "2209764"]
[BlackFideId "14106736"]
[WhiteElo "2427"]
[BlackElo "2213"]
[Result "0-1"]
[Round "04"]
[TimeControl "180+1"]
[Date "2022.09.27"]
[WhiteClock "0:00:09"]
[BlackClock "0:00:14"]

1. e4 c5 2. Nf3 Nc6 3. d4 cxd4 4. Nxd4 Nf6 5. Nc3 e5 6. Ndb5 d6 7. Nd5 Nxd5 8. exd5 Nb8 9. a4 a6 10. Na3 Be7 11. Bd2 O-O 12. a5 Bf5 13. Nc4 Nd7 14. Bb4 Rc8 15. c3 Nf6 16. Nb6 Rc7 17. Be2 Bg6 18. O-O Ne4 19. Bh5 Bxh5 20. Qxh5 f5 21. Rad1 g6 22. Qe2 Bg5 23. c4 Nc5 24. Bxc5 Rxc5 25. b4 Rc7 26. c5 e4 27. Nc4 dxc5 28. d6 Rc6 29. d7 cxb4 30. Ne5 Rc5 31. Qa2+ Kg7 32. Qe6 Qe7 33. Qxe7+ Bxe7 34. f4 Rd8 35. Rd4 Bf6 36. Rxb4 Bxe5 37. fxe5 Rxd7 38. Rfb1 Rxe5 39. Rxb7 Rxb7 40. Rxb7+ Kh6 0-1


[Site "https://www.chess.com"]

[Event "Titled Tuesday Blitz September 27 Early 2022"]
[White "Bachmann, Axel"]
[Black "Navarrete Mendez, Gonzalo Alberto"]
[WhiteFideId "3700488"]
[BlackFideId "5106850"]
[WhiteElo "2595"]
[BlackElo "2261"]
[Result "0-1"]
[Round "04"]
[TimeControl "180+1"]
[Date "2022.09.27"]
[WhiteClock "0:00:06"]
[BlackClock "0:02:31"]

1. d4 d5 2. c4 dxc4 3. e3 Nc6 4. Bxc4 e5 5. Nf3 e4 6. Nfd2 Qg5 7. Nxe4 Qxg2 8. Ng3 Qh3 9. Nc3 Nf6 10. Qb3 Bd6 11. Bxf7+ Kd8 12. Bd2 Bxg3 13. fxg3 Bg4 14. Qxb7 Qg2 15. Rf1 Nb4 16. Qxb4 Ne4 17. Bc1 Qxh2 18. Rf4 Qg1+ 0-1


[Site "https://www.chess.com"]

[Event "Titled Tuesday Blitz September 27 Early 2022"]
[White "Bacrot, Etienne"]
[Black "Girel, Joseph"]
[WhiteFideId "605506"]
[BlackFideId "36033561"]
[WhiteElo "2666"]
[BlackElo "2104"]
[Result "0-1"]
[Round "04"]
[TimeControl "180+1"]
[Date "2022.09.27"]
[WhiteClock "0:00:08"]
[BlackClock "0:00:22"]

1. e4 e5 2. Nf3 Nc6 3. Bb5 Nf6 4. O-O Nxe4 5. Re1 Nd6 6. Nxe5 Be7 7. Bf1 Nxe5 8. Rxe5 O-O 9. Nc3 Bf6 10. Re1 Re8 11. Nd5 Rxe1 12. Qxe1 b6 13. Nxf6+ Qxf6 14. d3 Bb7 15. Qe3 c5 16. c3 Re8 17. Qf4 Qxf4 18. Bxf4 Nf5 19. f3 f6 20. Kf2 g5 21. Bd2 h5 22. a4 Bc6 23. a5 Kf7 24. axb6 axb6 25. Ra6 b5 26. Be2 h4 27. Ra5 Kg6 28. Ra7 Ne7 29. Bd1 Nd5 30. Ra5 Nf4 31. Bxf4 gxf4 32. d4 cxd4 33. Bc2+ Kg7 34. cxd4 Re3 35. Ra3 Rxa3 36. bxa3 Kf7 37. Ke2 Bd5 38. Bd3 Bc4 39. Bxc4+ bxc4 40. d5 Ke7 41. Kd2 Kd6 42. Kc3 Kxd5 0-1


[Site "https://www.chess.com"]

[Event "Titled Tuesday Blitz September 27 Early 2022"]
[White "Balabayeva, Xeniya"]
[Black "Levitan, Caleb Levi"]
[WhiteFideId "13719688"]
[BlackFideId "14332620"]
[WhiteElo "1895"]
[BlackElo "1811"]
[Result "0-1"]
[Round "04"]
[TimeControl "180+1"]
[Date "2022.09.27"]
[WhiteClock "0:00:01"]
[BlackClock "0:00:08"]

1. e4 c5 2. Nf3 e6 3. g3 b6 4. Bg2 Bb7 5. Qe2 Be7 6. O-O d5 7. exd5 exd5 8. d4 Nf6 9. Re1 Nc6 10. dxc5 bxc5 11. Ne5 Nd4 12. Qd3 O-O 13. c3 Ne6 14. Nd2 Bd6 15. Nf1 Bxe5 16. Rxe5 Qd6 17. Re1 Ba6 18. Qf5 Rad8 19. Bg5 Nxg5 20. Qxg5 d4 21. Rad1 Qb6 22. cxd4 cxd4 23. b3 Rfe8 24. Qd2 Rxe1 25. Rxe1 h6 26. Rd1 Rd7 27. h3 Qc5 28. Nh2 d3 29. Ng4 Nxg4 30. hxg4 Qd4 31. Bf3 Rc7 32. Qf4 Qxf4 33. gxf4 Rc2 34. Be4 Rxa2 35. Bxd3 Bxd3 36. Rxd3 Rb2 37. Kg2 Kh7 38. Kg3 Kg6 39. f5+ Kg5 40. f4+ Kf6 41. Rc3 a5 42. Kh4 Rh2+ 43. Kg3 Rb2 44. Kf3 Ke7 45. Ke4 a4 0-1


[Site "https://www.chess.com"]

[Event "Titled Tuesday Blitz September 27 Early 2022"]
[White "Balkum, Alexander"]
[Black "Runets, Ivan"]
[WhiteFideId "2005069"]
[BlackFideId "13511564"]
[WhiteElo "2343"]
[BlackElo "1962"]
[Result "1-0"]
[Round "04"]
[TimeControl "180+1"]
[Date "2022.09.27"]
[WhiteClock "0:00:12"]
[BlackClock "0:00:03"]

1. e4 c5 2. Nf3 e6 3. d4 cxd4 4. Nxd4 Nf6 5. Nc3 d6 6. g4 Nc6 7. g5 Nd7 8. Nxc6 bxc6 9. Be3 d5 10. h4 Bd6 11. Bg2 Ba6 12. f4 Qc7 13. e5 Bc5 14. Bxc5 Nxc5 15. Qd2 Rb8 16. b3 Qb6 17. O-O-O Qa5 18. h5 Qa3+ 19. Kb1 O-O 20. g6 fxg6 21. h6 Rfd8 22. f5 d4 23. hxg7 d3 24. f6 Bc4 25. Rxh7 dxc2+ 26. Qxc2 Rxd1+ 27. Nxd1 Bd3 28. Rh8+ Kf7 29. Rxb8 Bxc2+ 30. Kxc2 Qxa2+ 31. Nb2 1-0


[Site "https://www.chess.com"]

[Event "Titled Tuesday Blitz September 27 Early 2022"]
[White "Bashirli, Saadat"]
[Black "Concio, Michael Jr."]
[WhiteFideId "13429990"]
[BlackFideId "5217873"]
[WhiteElo "1173"]
[BlackElo "1896"]
[Result "0-1"]
[Round "04"]
[TimeControl "180+1"]
[Date "2022.09.27"]
[WhiteClock "0:00:12"]
[BlackClock "0:00:22"]

1. d4 Nf6 2. c4 e6 3. Nc3 d5 4. cxd5 exd5 5. Bg5 c6 6. e3 Bd6 7. Bd3 h6 8. Bh4 b5 9. Qc2 a5 10. Nge2 b4 11. Na4 Ba6 12. Bf5 Qe7 13. O-O g5 14. Bg3 Bxg3 15. Nxg3 Bxf1 16. Rxf1 O-O 17. Nc5 Ra7 18. Bd3 Nbd7 19. Nf5 Qd8 20. Nxh6+ Kh8 21. f4 Nxc5 22. Qxc5 Re7 23. fxg5 Ng8 24. Qxc6 Qd7 25. Qa6 Re6 26. Qxa5 Nxh6 27. gxh6 Rxh6 28. Qxb4 Rg8 29. Bf5 Qc7 30. h3 Qg3 31. Qd2 Rf6 32. Bg4 Rxf1+ 33. Kxf1 Rg6 34. Qf2 Qc7 35. Qd2 Rc6 36. Bf5 Qh2 37. b4 Qh1+ 38. Kf2 Rc1 39. Kg3 Qf1 40. Qf2 Qa6 41. Qf4 Qf6 42. Qh4+ Qxh4+ 43. Kxh4 Re1 44. b5 Re2 45. a4 Rb2 46. Bd7 Rb3 47. Bc6 Rxe3 48. Bxd5 Rd3 49. Bc6 Rxd4+ 50. Kg5 Rxa4 51. Kf6 Kg8 52. Be8 Kf8 53. Bxf7 Rf4+ 54. Ke6 Rxf7 55. g4 Rb7 56. g5 Rxb5 57. h4 Kg7 58. Kd6 Kg6 59. Kc6 Rb4 60. Kc5 Rxh4 61. Kd5 Kxg5 62. Ke5 Rf4 63. Kd5 Kf5 64. Kd6 Re4 65. Kd7 Re6 66. Kc7 Ke5 67. Kd7 Kd5 68. Kc7 Re7+ 69. Kc8 Rf7 70. Kd8 Kc6 71. Ke8 Rc7 72. Kf8 Kd6 73. Ke8 Ke6 74. Kf8 Kf6 75. Kg8 Rf7 76. Kh8 Kg6 77. Kg8 Rf5 78. Kh8 Rf8# 0-1


[Site "https://www.chess.com"]

[Event "Titled Tuesday Blitz September 27 Early 2022"]
[White "Baskakov, Egor"]
[Black "Lazavik, Denis"]
[WhiteFideId "24197866"]
[BlackFideId "13515110"]
[WhiteElo "2211"]
[BlackElo "2437"]
[Result "0-1"]
[Round "04"]
[TimeControl "180+1"]
[Date "2022.09.27"]
[WhiteClock "0:00:49"]
[BlackClock "0:01:01"]

1. e4 c5 2. Nf3 e6 3. Be2 Nc6 4. c4 g5 5. h3 Bg7 6. Nc3 h6 7. O-O Nge7 8. d3 b6 9. Be3 f5 10. Nb5 O-O 11. Nd6 Qc7 12. Nxc8 Raxc8 13. Rb1 fxe4 14. dxe4 Ng6 15. Qd2 Nge5 16. Nxe5 Bxe5 17. g3 Bd4 18. Kg2 Qe5 19. Bd3 Qg7 20. Kh2 Rf3 21. Be2 Bxe3 22. fxe3 Rxf1 23. Rxf1 Rf8 24. Rxf8+ Kxf8 25. a3 Ke7 26. b4 Qa1 27. b5 Ne5 28. Kg2 Qxa3 29. h4 g4 30. Kf2 h5 31. Qc1 Qxc1 0-1


[Site "https://www.chess.com"]

[Event "Titled Tuesday Blitz September 27 Early 2022"]
[White "Becerra, Juan David"]
[Black "Sipila, Vilka"]
[WhiteFideId "4404998"]
[BlackFideId "505455"]
[WhiteElo "2278"]
[BlackElo "2329"]
[Result "0-1"]
[Round "04"]
[TimeControl "180+1"]
[Date "2022.09.27"]
[WhiteClock "0:01:05"]
[BlackClock "0:01:33"]

1. d4 f5 2. g3 Nf6 3. Bg2 g6 4. Nh3 Bg7 5. Nf4 O-O 6. O-O d6 7. d5 e5 8. dxe6 Na6 9. Nd5 Nxd5 10. Bxd5 Kh8 11. Nc3 c6 12. Bg2 d5 13. h4 Bxe6 14. Bg5 Qb6 15. Rb1 d4 16. Na4 Qc7 17. b3 b5 18. Nb2 Nb4 19. Qd2 Nxa2 20. Ra1 Nc3 21. e3 Ne4 22. Bxe4 dxe3 23. Bxe3 fxe4 24. Bd4 Rad8 25. Bxg7+ Qxg7 26. Qc1 Bh3 27. Re1 Qf6 28. Nd1 Qf3 29. Ne3 Qxf2+ 0-1


[Site "https://www.chess.com"]

[Event "Titled Tuesday Blitz September 27 Early 2022"]
[White "Beerdsen, Thomas"]
[Black "Di Nicolantonio, Lucas"]
[WhiteFideId "1030108"]
[BlackFideId "680460"]
[WhiteElo "2567"]
[BlackElo "2381"]
[Result "1-0"]
[Round "04"]
[TimeControl "180+1"]
[Date "2022.09.27"]
[WhiteClock "0:02:36"]
[BlackClock "0:02:29"]

1. e4 g6 2. h4 h6 3. d4 d6 4. h5 g5 5. f4 gxf4 6. Bxf4 Nc6 7. c3 Bg7 8. Nf3 Bg4 9. Nbd2 e5 10. dxe5 Nxe5 11. Qb3 Nxf3+ 12. Nxf3 Ne7 13. O-O-O Qd7 14. Bb5 Qc6 15. Bxc6+ 1-0


[Site "https://www.chess.com"]

[Event "Titled Tuesday Blitz September 27 Early 2022"]
[White "Begmuratov, Khumoyun"]
[Black "Milosevic, Milos"]
[WhiteFideId "14210207"]
[BlackFideId "964875"]
[WhiteElo "1978"]
[BlackElo "2321"]
[Result "1-0"]
[Round "04"]
[TimeControl "180+1"]
[Date "2022.09.27"]
[WhiteClock "0:00:13"]
[BlackClock "0:00:59"]

1. e4 e5 2. Nf3 Nf6 3. Nc3 Nc6 4. d4 exd4 5. Nxd4 Bc5 6. Be3 Bb6 7. Bc4 O-O 8. O-O d6 9. h3 Re8 10. Nxc6 bxc6 11. Bxb6 axb6 12. Qf3 Qe7 13. Rfe1 Qe5 14. a4 Ba6 15. Bxa6 Rxa6 16. Rad1 Nd7 17. Qe3 Nc5 18. b3 g5 19. g3 h6 20. f4 Qg7 21. Kh2 Raa8 22. Qf3 Ne6 23. f5 Nc5 24. Re3 Re5 25. Rde1 Rae8 26. Nd1 Nd7 27. Nf2 Nf6 28. Nd3 g4 29. Qf4 Ra5 30. e5 Nd5 31. Qc4 Nxe3 32. Rxe3 dxe5 33. Qxc6 Re7 34. f6 Qf8 35. fxe7 Qxe7 36. b4 Ra7 37. Rxe5 Qd8 38. Re8+ 1-0


[Site "https://www.chess.com"]

[Event "Titled Tuesday Blitz September 27 Early 2022"]
[White "Begunov, Konstantin"]
[Black "Barash, Anton"]
[WhiteFideId "4118510"]
[BlackFideId "30935229"]
[WhiteElo "2165"]
[BlackElo "2246"]
[Result "1/2-1/2"]
[Round "04"]
[TimeControl "180+1"]
[Date "2022.09.27"]
[WhiteClock "0:00:50"]
[BlackClock "0:00:51"]

1. d4 Nf6 2. c4 g6 3. f3 Bg7 4. e4 d6 5. Nc3 O-O 6. Be3 c6 7. Bd3 Qa5 8. Ne2 b5 9. cxb5 cxb5 10. e5 dxe5 11. dxe5 Nd5 12. Bd2 Nxc3 13. Bxc3 b4 14. Be4 bxc3 15. bxc3 Bxe5 16. Bxa8 Bxc3+ 17. Nxc3 Qxc3+ 18. Kf2 Qc5+ 19. Kg3 Qg5+ 20. Kf2 Qc5+ 21. Kg3 Qg5+ 22. Kf2 Qc5+ 1/2-1/2


[Site "https://www.chess.com"]

[Event "Titled Tuesday Blitz September 27 Early 2022"]
[White "Bettalli, Francesco"]
[Black "Nazari, Arad"]
[WhiteFideId "2816453"]
[BlackFideId "12577324"]
[WhiteElo "2216"]
[BlackElo "2129"]
[Result "0-1"]
[Round "04"]
[TimeControl "180+1"]
[Date "2022.09.27"]
[WhiteClock "0:00:37"]
[BlackClock "0:01:12"]

1. d4 Nf6 2. Nc3 d5 3. Bg5 e6 4. e4 dxe4 5. Nxe4 Be7 6. Bxf6 Bxf6 7. Nf3 O-O 8. c3 b6 9. Bd3 Bb7 10. O-O Nd7 11. Qe2 Qe7 12. Rad1 c5 13. Nxf6+ Nxf6 14. dxc5 Qxc5 15. Qe5 Bxf3 16. Qxc5 bxc5 17. gxf3 Rab8 18. b3 Nd5 19. Rc1 Rfd8 20. Bc4 Nf4 21. Rfd1 g5 22. Kf1 Kg7 23. Ke1 Kf6 24. a3 a5 25. Rc2 Rxd1+ 26. Kxd1 Rd8+ 27. Ke1 Ng6 28. b4 cxb4 29. cxb4 axb4 30. axb4 Ne5 31. Be2 Nd3+ 32. Bxd3 Rxd3 33. Rb2 Rxf3 34. b5 Rd3 35. b6 Rd8 36. b7 Rb8 37. Ke2 Ke5 38. Rb5+ Kd6 39. Rxg5 Rxb7 40. Rg7 h5 41. Rg5 h4 42. Rg4 Rb2+ 43. Kf1 h3 44. Rg3 Rb1+ 45. Ke2 f5 46. Rxh3 Ke5 47. Ra3 Kf4 48. Ra4+ Kg5 49. Kf3 e5 50. Kg2 e4 51. Ra8 Rb2 52. Re8 Kg4 53. Rg8+ Kf4 54. Re8 Re2 55. Kf1 Kf3 56. Kg1 Re1# 0-1


[Site "https://www.chess.com"]

[Event "Titled Tuesday Blitz September 27 Early 2022"]
[White "Bharath Subramaniyam H"]
[Black "Priyanka Nutakki"]
[WhiteFideId "46634827"]
[BlackFideId "25049615"]
[WhiteElo "2346"]
[BlackElo "1912"]
[Result "1-0"]
[Round "04"]
[TimeControl "180+1"]
[Date "2022.09.27"]
[WhiteClock "0:00:10"]
[BlackClock "0:00:02"]

1. d4 d5 2. Nf3 Nf6 3. c3 e6 4. Bf4 Bd6 5. e3 O-O 6. Nbd2 c5 7. Bg3 Qc7 8. Ne5 Nc6 9. f4 Ne7 10. Bd3 Nf5 11. Bf2 Be7 12. g4 Nd6 13. Qf3 b6 14. Bh4 Nfe4 15. Bxe7 Qxe7 16. g5 Bb7 17. O-O-O Rac8 18. Kb1 cxd4 19. exd4 b5 20. Nb3 a6 21. Qe2 Nf5 22. Bxe4 dxe4 23. Nc5 Nd6 24. h4 Bd5 25. h5 a5 26. h6 g6 27. Ned7 Rfd8 28. Nf6+ Kh8 29. Rh3 b4 30. Nfxe4 Nxe4 31. Nxe4 bxc3 32. Nxc3 Qc7 33. Qe5+ Qxe5 34. fxe5 Kg8 35. Rh4 Bc6 36. Rf4 Rc7 37. a3 Rcd7 38. Kc2 Rc8 39. Kd3 Bb7 40. Ke3 Rb8 41. Rd2 Bc6 42. Rdf2 a4 43. Ne2 Rb3+ 44. Nc3 Rb8 45. Rd2 Rb3 46. Rff2 Rdb7 47. Kd3 Rd7 48. Kc2 Rb8 49. Kb1 Rbd8 50. b4 Rxd4 51. Rxd4 Rxd4 52. Kc2 Rd8 53. Rd2 Rc8 54. Rd6 Kf8 55. Kd2 Ke7 56. b5 Bd7 57. b6 Rb8 58. Ne4 Bc8 59. Nf6 Rb7 60. Nxh7 Bd7 61. Nf6 Bb5 62. h7 Rb8 63. Ng8+ 1-0


[Site "https://www.chess.com"]

[Event "Titled Tuesday Blitz September 27 Early 2022"]
[White "Bilan, Danila"]
[Black "Mahdavi, Reza"]
[WhiteFideId "24161918"]
[BlackFideId "12595926"]
[WhiteElo "2164"]
[BlackElo "2240"]
[Result "0-1"]
[Round "04"]
[TimeControl "180+1"]
[Date "2022.09.27"]
[WhiteClock "0:00:02"]
[BlackClock "0:00:49"]

1. d4 Nf6 2. Nf3 g6 3. Bg5 Bg7 4. c3 O-O 5. Nbd2 d5 6. e3 c5 7. Bd3 Nc6 8. O-O b6 9. Qe2 Bb7 10. a4 a6 11. Rfe1 Re8 12. dxc5 bxc5 13. e4 d4 14. cxd4 cxd4 15. e5 Nd5 16. Nc4 Bc8 17. Rad1 Be6 18. Be4 h6 19. Bc1 Ndb4 20. b3 Rc8 21. h4 Bg4 22. Bb2 Nxe5 23. Ncxe5 Bxe5 24. Bxg6 Bf6 25. Bd3 Qd5 26. Bc4 Bxf3 27. Qxf3 Qxf3 28. gxf3 e5 29. Rf1 a5 30. h5 Kf8 31. Ba3 Be7 32. Bxb4 Bxb4 33. Rd3 Ke7 34. Rfd1 Rg8+ 35. Kf1 Rg5 36. Ke2 Rf5 37. Rh1 Rg8 38. Rdd1 Rgg5 39. Rdg1 Kf6 40. Bd3 Rxg1 41. Rxg1 Rxh5 42. Be4 Rh2 43. Rg8 d3+ 44. Bxd3 Bc5 45. Bc4 Rxf2+ 46. Kd3 Rxf3+ 47. Ke4 Rf4+ 48. Kd5 Bb4 49. Rh8 Kg7 50. Rc8 Bc3 51. Bd3 Rd4+ 0-1


[Site "https://www.chess.com"]

[Event "Titled Tuesday Blitz September 27 Early 2022"]
[White "Blokhin, Sofia"]
[Black "Namitbir Singh Walia"]
[WhiteFideId "4508190"]
[BlackFideId "35071068"]
[WhiteElo "1771"]
[BlackElo "1664"]
[Result "1-0"]
[Round "04"]
[TimeControl "180+1"]
[Date "2022.09.27"]
[WhiteClock "0:00:09"]
[BlackClock "0:00:02"]

1. d4 d5 2. c4 c6 3. Nc3 Nf6 4. cxd5 cxd5 5. e3 Nc6 6. Nf3 Bg4 7. Bd3 e6 8. O-O Bd6 9. h3 Bh5 10. Ne2 Bxf3 11. gxf3 O-O 12. f4 Rc8 13. Bd2 Ne4 14. Bxe4 dxe4 15. Ng3 f5 16. f3 Qh4 17. Kg2 exf3+ 18. Qxf3 Rf6 19. Be1 Rg6 20. Kh2 Qf6 21. Rc1 Qd8 22. Bd2 Rf6 23. Nh5 Rf7 24. Rg1 g6 25. Ng3 Bb8 26. Qd1 Rfc7 27. Qb3 Qd5 28. Qxd5 exd5 29. Nxf5 Rd7 30. Ng3 Re8 31. Kh1 Kf7 32. Rcf1 Kf6 33. Ne2 Re4 34. Nc3 Re8 35. Rg5 Ne7 36. Rg2 Nf5 37. Nd1 a6 38. a3 b5 39. b4 Bd6 40. Re1 Rc7 41. Nc3 Ke6 42. e4 Nxd4 43. exd5+ Kf7 44. Rxe8 Kxe8 45. Ne4 Kd7 46. Nf6+ 1-0


[Site "https://www.chess.com"]

[Event "Titled Tuesday Blitz September 27 Early 2022"]
[White "Bluebaum, Matthias"]
[Black "Dilanyan, Grigor"]
[WhiteFideId "24651516"]
[BlackFideId "13303570"]
[WhiteElo "2633"]
[BlackElo "2264"]
[Result "1-0"]
[Round "04"]
[TimeControl "180+1"]
[Date "2022.09.27"]
[WhiteClock "0:00:57"]
[BlackClock "0:00:05"]

1. d4 Nf6 2. c4 c5 3. d5 b5 4. cxb5 a6 5. bxa6 g6 6. Nc3 Bg7 7. a7 Rxa7 8. e4 O-O 9. Nf3 e6 10. Be2 exd5 11. exd5 d6 12. O-O Na6 13. Nb5 Rd7 14. Bc4 Bb7 15. Qb3 Qa8 16. Rd1 Nc7 17. Nxc7 Rxc7 18. Bf4 Rd8 19. a4 Ba6 20. Nd2 Rb7 21. Qd3 Bxc4 22. Nxc4 Ne8 23. a5 Qa6 24. Bd2 Rdb8 25. Bc3 Rb3 26. h4 h5 27. Rdc1 R8b4 28. Ne5 c4 29. Qd2 Bxe5 30. Bxb4 Rxb2 31. Qe1 Nf6 32. Bc3 Rb5 33. Bxe5 dxe5 34. Qxe5 Rxd5 35. Qb8+ Kg7 36. Qb6 Qc8 37. a6 Qg4 38. a7 Ne4 39. a8=Q Rf5 40. Qd4+ 1-0


[Site "https://www.chess.com"]

[Event "Titled Tuesday Blitz September 27 Early 2022"]
[White "Bortnyk, Olexandr"]
[Black "Rustemov, Alexander"]
[WhiteFideId "14120828"]
[BlackFideId "4119002"]
[WhiteElo "2723"]
[BlackElo "2815"]
[Result "1/2-1/2"]
[Round "04"]
[TimeControl "180+1"]
[Date "2022.09.27"]
[WhiteClock "0:00:03"]
[BlackClock "0:00:10"]

1. e4 e6 2. d4 d5 3. Nc3 dxe4 4. Nxe4 Bd7 5. Bd3 Bc6 6. Nf3 Nd7 7. O-O Ngf6 8. Re1 Be7 9. c4 Nxe4 10. Bxe4 Bxe4 11. Rxe4 O-O 12. Qc2 Nf6 13. Rh4 Re8 14. Bd2 g6 15. Re1 c6 16. Ng5 Bf8 17. Bf4 Bg7 18. Be5 h6 19. Nf3 Nh7 20. Bxg7 Kxg7 21. Qc1 Ng5 22. Ne5 h5 23. Rf4 Rf8 24. Qc2 f5 25. Nd3 Qd6 26. c5 Qd5 27. Re5 Qd7 28. Qe2 Rad8 29. Ne1 Ne4 30. Nf3 Rf6 31. h4 b6 32. b4 bxc5 33. bxc5 Rb8 34. Kh2 Rb1 35. Rfxe4 fxe4 36. Qxe4 Rb2 37. Rg5 Rxf2 38. Ne5 Qe8 39. Kg3 R2f5 40. Nxc6 Rxg5+ 41. hxg5 Rf5 42. Ne5 Rxg5+ 43. Kh2 Rf5 44. Qb7+ Kh6 45. c6 Qd8 46. Nf7+ Rxf7 47. Qxf7 Qd6+ 48. g3 Qxc6 49. Qf8+ Kh7 50. Qf7+ Kh6 51. Qf8+ Kh7 52. Qf7+ Kh6 1/2-1/2


[Site "https://www.chess.com"]

[Event "Titled Tuesday Blitz September 27 Early 2022"]
[White "Butti, Enrique"]
[Black "Samaganova, Aleksandra"]
[WhiteFideId "3700470"]
[BlackFideId "13800221"]
[WhiteElo "2080"]
[BlackElo "1864"]
[Result "1-0"]
[Round "04"]
[TimeControl "180+1"]
[Date "2022.09.27"]
[WhiteClock "0:00:21"]
[BlackClock "0:00:02"]

1. d4 Nf6 2. Nf3 e6 3. e3 b6 4. Bd3 Bb7 5. O-O c5 6. b3 Be7 7. Bb2 O-O 8. c4 cxd4 9. exd4 d5 10. Nc3 Nc6 11. Qe2 Rc8 12. Rad1 Qc7 13. h3 Rfd8 14. Qe3 Nb4 15. Be2 Qb8 16. Ne5 Nc6 17. f4 Na5 18. cxd5 Bxd5 19. f5 Qb7 20. fxe6 Bxe6 21. Bf3 Rxc3 22. Bxc3 Bd5 23. Bxa5 bxa5 24. Bxd5 Qxd5 25. Qf3 Qb5 26. d5 Bc5+ 27. Kh1 Bd6 28. Nc6 Rd7 29. Rfe1 h6 30. g4 a4 31. h4 Qb4 32. Rg1 Qe4 33. Qxe4 Nxe4 34. Kg2 Nf6 35. Kf3 Bc5 36. Rge1 Rxd5 37. Rxd5 Nxd5 38. bxa4 Nc3 39. Re8+ Kh7 40. Ra8 Nxa4 41. Nxa7 Nc3 42. Nc6 1-0


[Site "https://www.chess.com"]

[Event "Titled Tuesday Blitz September 27 Early 2022"]
[White "Carlsen, Magnus"]
[Black "Petrosyan, Manuel"]
[WhiteFideId "1503014"]
[BlackFideId "13300857"]
[WhiteElo "2830"]
[BlackElo "2592"]
[Result "1-0"]
[Round "04"]
[TimeControl "180+1"]
[Date "2022.09.27"]
[WhiteClock "0:01:03"]
[BlackClock "0:00:03"]

1. Nf3 d5 2. g3 g6 3. Bg2 Bg7 4. d4 Nf6 5. O-O O-O 6. c4 c6 7. Nc3 dxc4 8. e4 b5 9. Qe2 b4 10. Nd1 Ba6 11. Re1 e6 12. h4 c5 13. dxc5 Nc6 14. a3 Qa5 15. e5 Nd7 16. h5 Nxc5 17. h6 Bh8 18. Bf4 Nd3 19. Ne3 Nxe1 20. Qxe1 Qb6 21. Ng4 c3 22. bxc3 b3 23. Rb1 Bd3 24. Rb2 Bf5 25. Ne3 Rad8 26. Nxf5 exf5 27. e6 Bf6 28. Bg5 Bxg5 29. Nxg5 Ne7 30. exf7+ Rxf7 31. Bf1 Qf6 32. Nxf7 Qxf7 33. Rxb3 Qxb3 34. Qxe7 1-0


[Site "https://www.chess.com"]

[Event "Titled Tuesday Blitz September 27 Early 2022"]
[White "Ciuffoletti, Paolo"]
[Black "Camacho Collados, Jose"]
[WhiteFideId "807630"]
[BlackFideId "2265427"]
[WhiteElo "2143"]
[BlackElo "2264"]
[Result "0-1"]
[Round "04"]
[TimeControl "180+1"]
[Date "2022.09.27"]
[WhiteClock "0:01:18"]
[BlackClock "0:02:23"]

1. e4 e5 2. Nf3 Nf6 3. Bc4 Nxe4 4. Nc3 Nxc3 5. dxc3 f6 6. Nh4 g6 7. f4 Qe7 8. f5 Qg7 9. fxg6 hxg6 10. Qg4 Kd8 11. Nxg6 d5 12. Qd1 Qxg6 13. Qxd5+ Bd6 14. Be3 Qxc2 15. O-O Nd7 16. Rf2 Qh7 17. h3 Nb6 18. Qd3 Qxd3 19. Bxd3 Nd5 20. Bd2 Bc5 0-1


[Site "https://www.chess.com"]